Cogmind - Beta 13 @@@ ROGUE MODE // 2024.04.10 @ 20:09:18 Player: Calliope Result: Destroyed by G-47 Trooper with Particle Gun Performance ------------- Evolutions (2) 1000 Regions Visited (4) 800 Robots Destroyed (30) 150 Value Destroyed (998) 998 Prototype IDs (1) 20 Alien Tech Used (0) 0 Bonus (21) 21 TOTAL SCORE: 2989 Bonus ------- Follower Combat Kills 30 Friendly Fire -9 Cogmind --------- Core Integrity 0/550 Matter 64/300 Energy 100/100 System Corruption 17% Temperature Cool (9) Movement Core (50) Location -8/Materials Parts ------- > --- POWER (1) -------- (None) > --- PROPULSION (3) --- (None) > --- UTILITY (5) ------ (None) > --- WEAPON (2) ------- (None) > --- INVENTORY (5) ---- Light Nuclear Core Light Treads Light Treads High-capacity Matter Pod (0) Terrain Scan Processor Peak State ------------ > --- POWER ------------ Deuterium Engine > --- PROPULSION ------- Aluminum Leg Aluminum Leg Carbon-fiber Leg > --- UTILITY ---------- Large Storage Unit Signal Interpreter Improved Terrain Scanner Heavy Armor Plating > --- WEAPON ----------- Heavy Assault Rifle Improved Grenade Launcher > --- INVENTORY -------- Ion Engine Light Nuclear Core Light Treads Light Treads Improved Aluminum Leg High-capacity Matter Pod Improved Terrain Scanner Salvage Targeting Computer [Rating: 25] Favorites ----------- Power Ion Engine Engine Ion Engine Propulsion Light Treads Treads Light Treads Leg Aluminum Leg Utility Small Storage Unit Device Sensor Array Storage Small Storage Unit Processor Visual Processing Unit Protection Heavy Armor Plating Weapon Heavy Assault Rifle Energy Gun Heavy EM Pulse Gun Ballistic Gun Heavy Assault Rifle Launcher Improved Grenade Launcher Special Weapon Plasma Cutter Build | -11 -10 -10 -10 -8 ------- Run | Yrd Mat Min Sub Mat Slots Evolved 4 | . . . . 4 Power . | . . . . . Propulsion 1 | . . . . 1 Utility 3 | . . . . 3 Weapon . | . . . . . Parts Attached 43 | 7 10 1 6 19 Power 6 | 2 2 . . 2 Engine 6 | 2 2 . . 2 Core . | . . . . . Reactor . | . . . . . Propulsion 10 | 2 . . 4 4 Treads 2 | 2 . . . . Leg 8 | . . . 4 4 Wheel . | . . . . . Hover . | . . . . . Flight . | . . . . . Utility 11 | 1 2 1 1 6 Device 5 | . 1 1 1 2 Storage 3 | 1 . . . 2 Processor 2 | . 1 . . 1 Hackware . | . . . . . Protection 1 | . . . . 1 Artifact . | . . . . . Weapon 16 | 2 6 . 1 7 Energy Gun 3 | 1 2 . . . Energy Cannon . | . . . . . Ballistic Gun 6 | 1 3 . . 2 Ballistic Cannon . | . . . . . Launcher 5 | . 1 . 1 3 Special Weapon 2 | . . . . 2 Impact Weapon . | . . . . . Slashing Weapon . | . . . . . Piercing Weapon . | . . . . . Special Melee Weapon . | . . . . . Unidentified Prototypes 1 | . . 1 . . Parts Lost 22 | . 4 . . 18 Power 3 | . 1 . . 2 Propulsion 6 | . . . . 6 Utility 6 | . 1 . . 5 Weapon 7 | . 2 . . 5 Highest Loss Streak 10 | . 2 . . 10 To Critical Strikes . | . . . . . Average Slot Usage (%) 94 | . 98 99 96 81 Engine 12 | . 13 14 14 8 Treads 20 | . 28 28 21 . Leg 7 | . . . 7 25 Device 7 | . 10 1 10 9 Storage 12 | . 14 14 14 9 Processor 5 | . 2 11 . 8 Protection 1 | . . . . 4 Energy Gun 7 | . 19 . . . Ballistic Gun 14 | . 6 28 27 9 Launcher 1 | . 1 . . 5 Naked Turns 1 | . . . . 1 Heaviest Build 54 | 14 17 17 17 54 Greatest Support 50 | 40 40 40 40 50 Greatest Overweight (x) 2 | . . . . 2 Average Overweight (x) . | . . . . . Largest Inventory Capacity 15 | 8 8 8 8 15 Average Capacity 9 | 7 8 8 8 13 Most Carried 11 | 3 8 8 8 11 Average Carried 7 | 1 6 7 7 7 Final Capacity 8 | 8 8 8 8 5 Final Carried 8 | 3 8 8 8 5 Class Distribution -------------------- 80% | Mutant 14% | Scavenger-Mutant 4% | Scavenger-Skirmisher Dominant Class ---------------- Mutant | -10/Materials Mutant | -10/Mines Mutant | -10/Subcaves Scavenger-Mutant | -8/Materials Resources | -11 -10 -10 -10 -8 ----------- Run | Yrd Mat Min Sub Mat Matter Collected 872 | 216 173 110 82 291 Remotely . | . . . . . Salvage Created 1015 | . 383 225 75 332 Parts 68 | . 25 13 7 23 Haulers Intercepted . | . . . . . Recyclers Shooed 3 | . 1 1 . 1 Parts Field Recycled . | . . . . . Retrieved Matter . | . . . . . Parts Self-Destructed 13 | . . . 13 . Prevented . | . . . . . Kills | -11 -10 -10 -10 -8 ------- Run | Yrd Mat Min Sub Mat Combat Hostiles Destroyed 23 | . 8 2 1 12 Guns 13 | . 5 2 1 5 AOE 9 | . 3 . . 6 Classes Destroyed 9 | . 3 1 2 3 Builder 3 | . 1 . . 2 Recycler 2 | . . 2 . . Watcher 2 | . 2 . . . Swarmer 3 | . . . . 3 Grunt 16 | . 8 2 . 6 Sentry 2 | . . . . 2 Hunter 1 | . . . . 1 Artisan 1 | . . . 1 . Subdweller 1 | . . . 1 . Best Kill Streak 5 | . 5 2 1 3 Combat Bots Only 4 | . 4 2 1 3 Max Kills in Single Turn 2 | . 2 1 1 2 Gunslinging . | . . . . . Exploded 2 | . 2 . . 2 Melee . | . . . . . Uniques/NPCs Destroyed . | . . . . . Combat | -11 -10 -10 -10 -8 -------- Run | Yrd Mat Min Sub Mat Hostile Shots Fired 239 | . 48 13 5 173 Missed 54 | . 12 1 3 38 Damage Taken 3242 | . 555 173 136 2378 Core 724 | . 99 34 40 551 Absorbed by Shields . | . . . . . Core Remaining (%) 65 | 100 . . 30 . Volleys Fired 104 | . 25 10 6 63 Largest 2 | . 2 2 2 2 Hottest 90 | . 90 46 53 59 Shots Fired 162 | . 41 20 12 89 Gun 121 | . 38 20 11 52 Cannon . | . . . . . Launcher 27 | . 3 . 1 23 Special 14 | . . . . 14 Kinetic 96 | . 13 20 11 52 Thermal 14 | . . . . 14 Explosive 27 | . 3 . 1 23 Electromagnetic 25 | . 25 . . . Robot Hit Streak 12 | . 12 5 3 10 Robot Miss Streak 3 | . 2 2 1 3 Penetration Max . | . . . . . Secondary Targets . | . . . . . Shots Hit Robots 102 | . 33 10 3 56 Core Hits 61 | . 19 7 5 30 Critical Kills . | . . . . . Critical Parts Destroyed 1 | . . . . 1 Critical Strikes 1 | . . . . 1 Destroy 1 | . . . . 1 Melee Attacks . | . . . . . Impact . | . . . . . Slashing . | . . . . . Piercing . | . . . . . Sneak Attacks . | . . . . . Combat Hostiles . | . . . . . Follow-up Attacks . | . . . . . Damage Inflicted 2615 | . 791 159 113 1552 Guns 1207 | . 472 159 46 530 Cannons . | . . . . . Explosions 1282 | . 319 . 67 896 Melee . | . . . . . Ramming 17 | . . . . 17 Kinetic 874 | . 139 159 46 530 Thermal 254 | . 145 . . 109 Explosive 1137 | . 174 . 67 896 Electromagnetic 333 | . 333 . . . Impact . | . . . . . Slashing . | . . . . . Piercing . | . . . . . Highest Corruption 17 | . . . . 17 Average Corruption 3 | . . . . 3 Corruption Purged . | . . . . . Corruption Blocked . | . . . . . Effects 7 | . . . . 7 Message Errors 3 | . . . . 3 Matter Fused 1 | . . . . 1 Heat Flow Errors 1 | . . . . 1 Energy Discharges 1 | . . . . 1 Data Loss (minor) 1 | . . . . 1 Overload Shots . | . . . . . Overflow Damage 49 | . 15 . . 34 Projectiles . | . . . . . Explosions 49 | . 15 . . 34 Melee . | . . . . . Knockbacks . | . . . . . Impact . | . . . . . Kinetic . | . . . . . Secondary . | . . . . . Self-Inflicted Damage 121 | . 52 . . 69 Shots 5 | . 3 . . 2 Rammed . | . . . . . Targets Rammed 6 | . . . . 6 Kicked 6 | . . . . 6 Crushed . | . . . . . Highest Temperature 463 | . 126 463 . 269 Average Temperature 69 | . 48 159 . 49 Received Heat Transfer 1332 | . 285 96 6 945 Effects 2 | . . 2 . . Shutdowns 1 | . . 1 . . Damage (minor) 1 | . . 1 . . Siege Activations . | . . . . . Robots Corrupted . | . . . . . Combat Hostiles . | . . . . . Parts Fried 1 | . 1 . . . Impact Corruptions . | . . . . . Robots Melted . | . . . . . Combat Hostiles . | . . . . . Parts Melted . | . . . . . Heat Transferred 570 | . 200 . . 370 Parts Sabotaged . | . . . . . Parts Stolen . | . . . . . Parts Stripped . | . . . . . Power Chain Reactions 2 | . 2 . . . Alert | -11 -10 -10 -10 -8 ------- Run | Yrd Mat Min Sub Mat Peak Influence 205 | . 187 60 . 205 Initial 5 | . . 5 . . Average 32 | . 25 15 . 63 Maximum Alert Level 1 | . . . . 1 Low Security (%) 99 | 100 100 100 . 97 Level 1 . | . . . . 2 Level 2 . | . . . . . Level 3 . | . . . . . Level 4 . | . . . . . Level 5 . | . . . . . High Security . | . . . . . Max Security . | . . . . . Squads Dispatched 1 | . 1 . . . Investigation . | . . . . . Extermination . | . . . . . Reinforcement 1 | . 1 . . . Assault . | . . . . . Garrison . | . . . . . Intercept . | . . . . . Searches Triggered . | . . . . . Construction Impeded . | . . . . . Haulers Reinforced . | . . . . . Active Scanning Responses . | . . . . . Cargo Convoy Interrupts . | . . . . . Stealth | -11 -10 -10 -10 -8 --------- Run | Yrd Mat Min Sub Mat Distress Signals 3 | . 1 . . 2 Communications Jammed . | . . . . . Distress Signals . | . . . . . Times Spotted 36 | . 13 2 2 19 Peak Tracking Total 5 | . 4 2 2 5 Tactical Retreats 1 | . 1 . . . Traps | -11 -10 -10 -10 -8 ------- Run | Yrd Mat Min Sub Mat Traps Triggered 3 | . 1 . 1 1 Indirectly . | . . . . . Trap Hack Attempts . | . . . . . Triggered . | . . . . . Disarmed . | . . . . . Reprogrammed . | . . . . . Reused . | . . . . . Traps Extracted . | . . . . . Installed . | . . . . . Triggered . | . . . . . Machines | -11 -10 -10 -10 -8 ---------- Run | Yrd Mat Min Sub Mat Machines Disabled 5 | . 1 . . 4 Max in Single Turn 1 | . 1 . . 1 Machines Repaired . | . . . . . Machines Dismantled . | . . . . . Machines Sabotaged . | . . . . . Overloaded Fab Kills . | . . . . . Hacking | -11 -10 -10 -10 -8 --------- Run | Yrd Mat Min Sub Mat Machines Accessed 12 | . 6 . . 6 Terminals 10 | . 5 . . 5 Fabricators . | . . . . . Repair Stations . | . . . . . Recycling Units 1 | . 1 . . . Scanalyzers 1 | . . . . 1 Garrison Access . | . . . . . Total Hacks 37 | . 18 . . 19 Successful 13 | . 3 . . 10 Failed 24 | . 15 . . 9 Catastrophic 4 | . 2 . . 2 Database Lockouts . | . . . . . Manual 29 | . 16 . . 13 Terminals 32 | . 16 . . 16 Fabricators . | . . . . . Repair Stations . | . . . . . Recycling Units 2 | . 2 . . . Scanalyzers 3 | . . . . 3 Garrison Access . | . . . . . Terminal Hacks 6 | . 1 . . 5 Record 3 | . . . . 3 Unreport Threat 3 | . 1 . . 2 Fabricator Hacks . | . . . . . Repair Station Hacks . | . . . . . Recycling Unit Hacks 1 | . 1 . . . Process 1 | . 1 . . . Scanalyzer . | . . . . . Garrison Access Hacks . | . . . . . Unauthorized Hacks 6 | . 1 . . 5 Terminals 6 | . 1 . . 5 Botnet 6 | . 1 . . 5 Fabricators . | . . . . . Repair Stations . | . . . . . Recycling Units . | . . . . . Scanalyzers . | . . . . . Garrison Access . | . . . . . Data Cores Recovered . | . . . . . Used . | . . . . . Hacking Detections 11 | . 6 . . 5 Full Trace Events 2 | . 1 . . 1 Feedback Events . | . . . . . Feedback Blocked . | . . . . . Robot Schematics Acquired . | . . . . . Robots Built . | . . . . . Authchips . | . . . . . Time . | . . . . . Total Robot Build Rating . | . . . . . Part Schematics Acquired . | . . . . . Parts Built . | . . . . . Authchips . | . . . . . Time . | . . . . . Total Part Build Rating . | . . . . . Parts Repaired . | . . . . . Time . | . . . . . Parts Recycled . | . . . . . Recycled Matter 127 | . 127 . . . Retrieved Matter . | . . . . . Retrieved Components . | . . . . . Parts Scanalyzed . | . . . . . Part Schematics Acquired . | . . . . . Parts Damaged . | . . . . . Bothacking | -11 -10 -10 -10 -8 ------------ Run | Yrd Mat Min Sub Mat Used RIF Installer . | . . . . . Robots Hacked . | . . . . . Non-combat . | . . . . . Combat . | . . . . . Robot Hacks Applied . | . . . . . Relay Couplers Released . | . . . . . Fabnet Peak Effective % . | . . . . . Robots Rewired . | . . . . . Allies Hacked . | . . . . . Hacks Repelled . | . . . . . Allies | -11 -10 -10 -10 -8 -------- Run | Yrd Mat Min Sub Mat Total Allies 2 | . . 2 . . Largest Group 2 | . . 2 2 1 Highest-Rated Group 41 | . . 41 41 10 Highest-Rated Ally 31 | . . 31 31 10 Total Orders . | . . . . . Ally Attacks 2 | . . . 2 . Total Damage 42 | . . . 42 . Kills 1 | . . . 1 . Allies Corrupted . | . . . . . Allies Melted . | . . . . . Intel | -11 -10 -10 -10 -8 ------- Run | Yrd Mat Min Sub Mat Robot Analysis Total . | . . . . . Derelict Logs Recovered 3 | . . 1 2 . Drone Launches . | . . . . . Drone Recoveries . | . . . . . Exploration | -11 -10 -10 -10 -8 ------------- Run | Yrd Mat Min Sub Mat Turns Passed 4828 | 120 1841 1145 518 1204 Spaces Moved 1857 | 71 593 391 296 506 Core 6 | 6 . . . . Treads 1283 | 65 593 391 234 . Legs 568 | . . . 62 506 Wheels . | . . . . . Hover . | . . . . . Flight . | . . . . . Fastest Speed 50 | 50 160 160 120 120 Average Speed 157 | 150 160 160 151 158 Slowest Speed 260 | 160 160 160 160 260 Overloaded Moves . | . . . . . Propulsion Burnouts . | . . . . . Robots Hopped . | . . . . . Cave-ins Triggered . | . . . . . Exploration Rate (%) 44 | 6 68 89 25 32 Regions Visited 4 Branch Regions 2 Pre-discovered Areas 3 | . . 1 2 . Known Exits Taken . | . . . . . Unknown Exits Taken 4 | 1 1 1 1 . Scrap Searched 2 | . . 1 1 . Spaces Dug . | . . . . . Terrain Destroyed 170 | . 29 . 6 135 Melee . | . . . . . Projectile . | . . . . . AOE 170 | . 29 . 6 135 Terrain Rammed 1 | . . . . 1 Walls Destroyed . | . . . . . Machines Disabled . | . . . . . Actions | -11 -10 -10 -10 -8 --------- Run | Yrd Mat Min Sub Mat Total 3558 | 81 1445 893 353 786 Wait 1493 | . 799 482 41 171 Move 1853 | 70 592 390 295 506 Hop . | . . . . . Pick Up 29 | 3 12 4 2 8 Fast Attach 16 | 6 3 1 . 6 Attach 14 | . 4 . 1 9 Detach 6 | . 1 1 . 4 Swap 13 | 1 3 . 5 4 Drop 18 | 1 6 5 3 3 Fire 104 | . 25 10 6 63 Melee . | . . . . . Ram 1 | . . . . 1 Kick 6 | . . . . 6 Crush . | . . . . . Escape Stasis . | . . . . . Rewire . | . . . . . Trap . | . . . . . Miscellaneous 5 | . . . . 5 Route ------- -11/Scrapyard -10/Materials (discovered 4 exits: [*Mat x2] / [*Min] / [*Sub]) -10/Mines (discovered 3 exits: [*Mat x2] / [*Sub]) -10/Subcaves -8/Materials (discovered 1 exit: *Fac) History --------- Turn | Location | Event 9 | -11/Scrapyard | Discovered new exit (range 15) 121 | -11/Scrapyard | Entered Materials 304 | -10/Materials | Build established: Mutant 1064 | -10/Materials | Discovered new exit (range 6) 1475 | -10/Materials | Discovered new exit (range 16) 1696 | -10/Materials | Discovered new exit (range 17) 1819 | -10/Materials | Discovered new exit (range 7) 1962 | -10/Materials | Entered Mines 2428 | -10/Mines | Discovered new exit (range 4) 2777 | -10/Mines | Discovered new exit (range 6) 2838 | -10/Mines | Core integrity fell below 50% 2862 | -10/Mines | Learned location of Storage (-8) 2933 | -10/Mines | Found a damaged Exp. Sensor Array with a note attached 2937 | -10/Mines | Found Prototype Device 2937 | -10/Mines | Identified Exp. Sensor Array 3050 | -10/Mines | Discovered new exit (range 13) 3107 | -10/Mines | Entered Subcaves 3107 | -10/Subcaves | Accompanied by 2 allies 3112 | -10/Subcaves | Led the pair of lost Derelicts to an unsafe place 3199 | -10/Subcaves | Learned location of Zion (-7) 3230 | -10/Subcaves | Learned location of Mines (-9) 3563 | -10/Subcaves | Discovered new exit (range 6) 3625 | -10/Subcaves | Entered Materials 3625 | -8/Materials | Accompanied by 1 ally 3625 | -8/Materials | Evolved 4 slots: Propulsion x1, Utility x3 3899 | -8/Materials | Lost 3 parts (1p1u1w) 4039 | -8/Materials | Lost 4 parts (2n2w) 4282 | -8/Materials | Discovered new exit (range 15) 4304 | -8/Materials | Build established: Scavenger-Mutant 4552 | -8/Materials | Identified exit to Factory 4783 | -8/Materials | System corruption reached 10% 4808 | -8/Materials | Core integrity fell below 50% 4821 | -8/Materials | Core integrity fell below 20% 4829 | -8/Materials | Destroyed by G-47 Trooper with Particle Gun Last Messages --------------- 04775_ Imp. Aluminum Leg destroyed. 04775_ System corrupted by crushing effect (+4). 04778_ OZL%N O :K 04828_ Lrg. Storage Unit destroyed. 04828_ System corrupted by crushing effect (+2). Map ----- +----------------------------------------------------+ | ?????????????? ??????????????????????????????????? | | ?????????????????????#???????????????????????????? | | ????+? ??? ???? ??? ????? ??????????????????????? | | ?? ?????????????????????#????????????????????????? | | ????? ?????##########? ?????????????????????????? | | ????###+##### ## ?????????????????????????? | | ???"# ## """ #???????????????????????????? | | ???"# # " #???????????????????????????? | | ????# """ # =## ??? ?????????????????????? | | ??#?# """ # ##???? ?????????????????????? | | #???# """ # #????#??????????????????????? | | ######### # # ###????#????????????????????? | | #! ## #???#?#???????????????????? | | """"" #=* #?????????????????????????? | | """"" # ### ###+############ ??????????????? | | """"" #| ?????????????? | | """"" ! ?????????????? | | """"" ?????????????? | | """"" # ### ######## ####??????????????? | | """"" # # ## # ###?#?? #?????????????????? | | ######## # #??#? ????????????????????? | | #########?###### # ##????? ??????????????????? | | ?????#?????# # #??? ?????????????????????? | | ???????#???# < # #?## ? ?????"?????????????? | | ????????##?# * ########???????? ?????????????? | | ??????#????##T##= ### ]@#? ?##????????????????? | | ??#?????#?######=|# # b!# ?? #?????#???????????? | | ??#?????#?????## # g g#? ? ????#?????????????? | | ???#?????#????## ## "" #? ? ????? #?? ????????? | | ???????#????#??# ### " #??? ##### ##??????????? | | ?????#???????#?# ### "" # ? ??????????? | | ?????#?#????#### #?# #??? #??????????? | | ??#?#?#?#?#?#### ###[ #?? #??????????? | | ???????????#?### ### #?? #??????????? | | ??#??#?#???????# #?# "T" #? #??????????? | | ????#??????#???# ### """ # #??????????? | | ????????#??????# #?# # #??????????? | | ??????????##?### #####+### #??????????? | | ???#??#??????### #??????????? | | ????????#????#?# ^ #??????????? | | ????????????#??# "" ^ #??????????? | | ???#?????????#?# "T """ """ """ #??????????? | | ?????########### " """ """ """ #??????????? | | ??????# # """ ^""" """ #????????### | | ??????# """ # #????????#T" | | ?????## """ # ########## " | | ??????# """ # | | ?????## + | | ??#???# """ # | | #?????# """ # ##########+#### #####+### | +----------------------------------------------------+ Best States ------------- Heat Dissipation 31 Energy Generation 14 Energy Capacity 275 Matter Stores 300 Matter Capacity 500 Sight Range 21 Robot Scan Range 14 Terrain Scan Range 16 Terrain Scan Density 10 Armor Coverage 600 Evasion (%) 55 Recoil Reduction 2 Item Schematics ----------------- None Robot Schematics ------------------ None Fabricated ------------ Nothing Alien Tech Used ----------------- None Achievements -------------- None Challenges ------------ None Game ------ Seed DeuteriumFlightMachine Manual? 0 Play Time 00:40:40 Cumulative 9.4 hours Start 2024.04.10 @ 13:29:21 End 2024.04.10 @ 20:09:18 Sessions 3 Manual Loads 0 Difficulty Rogue Special Mode None Game No. 21 Rogue 19 Adventurer 0 Explorer 2 Win Type - Total 0 Types 0/0/0/0/0/0/0/0/0 Lore% 4 Gallery% 12 Achievement% 16 Wizard Run 0 Options --------- Layout 2 ASCII 0 Keyboard 1 Movement Vi Keybinds 0 Fullscreen 2 Font 32/SmallcapsGlow Map View 50x44 Zoom Use 2% Tactical HUD 1 Map Filters NONE Filters NONE Steam 1 RUN: 30423039-ab42-4008-a799-98841bcd8925